 Dungeon Crawl Stone Soup version 0.17-a0-1636-g3119f2b (webtiles) character file.

5583 MikeDS the Sneak (level 10, -4/83 HPs)
             Began as a White Draconian Enchanter on Aug 6, 2015.
             Was a Priest of Qazlal.
             Killed from afar by an electric eel (11 damage)
             ... with a bolt of electricity
             ... on level 9 of the Dungeon.
             The game lasted 01:57:15 (12334 turns).

MikeDS the Sneak (White Draconian Enchanter)       Turns: 12334, Time: 01:57:15

Health: -4/83      AC: 12    Str: 11    XL:     10   Next: 44%
Magic:  0/17       EV: 15    Int: 16    God:    Qazlal [***...]
Gold:   428        SH:  4    Dex: 14    Spells: 5 memorised, 8 levels left

rFire  . . .     SeeInvis .     S - +4 dagger (drain)
rCold  + + .     Clarity  .     (armour unavailable)
rNeg   . . .     SustAt   .     (no shield)
rPois  .         Gourm    .     (helmet restricted)
rElec  .         Spirit   .     T - +1 cloak
rCorr  .         Warding  .     (no gloves)
rMut   .         Stasis   .     t - +2 pair of boots
MR     .....                    (no amulet)
Stlth  ++........               U - ring of ice
                                n - ring of protection from fire

@: not resistant to hostile enchantments, unstealthy
A: breathe frost, unfitting armour, cold resistance 1, cold-blooded, AC +7
a: Breathe Frost, Upheaval, Elemental Force, Renounce Religion


You were on level 9 of the Dungeon.
You worshipped Qazlal.
Qazlal was most pleased with you.
You were not hungry.

You visited 3 branches of the dungeon, and saw 12 of its levels.

You collected 707 gold pieces.
You spent 279 gold pieces at shops.

Inventory:

Hand weapons
 a - a +2 long sword of protection
 b - a +0 arbalest
 e - a +1 war axe of chopping
 i - a +0 dagger
 w - a +0 blowgun
 D - a +3 dagger
 S - a +4 dagger of draining (weapon)
Missiles
 p - 2 throwing nets (quivered)
 u - 4 needles of confusion
 x - 45 poisoned needles
 y - 5 curare-tipped needles
 W - 17 bolts
Armour
 t - a +2 pair of boots (worn)
 H - a +0 buckler
 T - a +1 cloak (worn)
Jewellery
 j - an uncursed ring of positive energy
 n - a ring of protection from fire (left hand)
 N - an uncursed ring of stealth
 U - a ring of ice (right hand)
Magical devices
 l - a wand of fireball (11)
 m - a wand of polymorph (14)
 o - a wand of magic darts (13)
 s - a wand of enslavement (9)
 B - a wand of magic darts (20)
 M - a wand of confusion (29)
Scrolls
 d - a scroll of blinking
 f - 4 scrolls of remove curse
 h - a scroll of immolation
 k - a scroll of fear
 v - a scroll of recharging
 z - a scroll of magic mapping {unknown}
 A - 3 scrolls of identify
 C - 2 scrolls of amnesia
 E - a scroll of teleportation
 I - 2 scrolls of enchant armour
Potions
 q - 2 potions of curing
 G - 2 potions of invisibility
 J - a potion of cure mutation {unknown}
 O - 2 potions of might
 P - a potion of lignification {unknown}
 R - a potion of mutation {unknown}
Books
 F - a book of Conjurations

   Spells                             Type                      Level
   a - Magic Dart                     Conjuration                  1
   b - Searing Ray                    Conjuration                  2
   c - Dazzling Spray                 Conjuration/Hexes            3
   d - Fulminant Prism                Conjuration/Hexes            4
   e - Iskenderun's Mystic Blast      Conjuration                  4
   f - Iskenderun's Battlesphere      Conjuration/Charms           5
 K - a book of Maledictions

   Spells                             Type                      Level
   a - Corona                         Hexes                        1
   b - Ensorcelled Hibernation        Hexes/Ice                    2
   c - Confuse                        Hexes                        3
   d - Tukima's Dance                 Hexes                        3
   e - Dazzling Spray                 Conjuration/Hexes            3
Comestibles
 c - 8 bread rations
 g - 2 royal jellies
 r - 5 meat rations
 L - 5 beef jerkies
 Q - a slice of pizza


   Skills:
 + Level 5.7 Fighting
 * Level 3.5(4.4) Short Blades
 - Level 3.9(4.6) Long Blades
 - Level 3.2 Axes
 - Level 2.3 Throwing
 + Level 5.3 Dodging
 + Level 6.0 Stealth
 + Level 5.0 Spellcasting
 + Level 3.5 Conjurations
 + Level 5.8 Hexes
 + Level 3.8 Ice Magic
 + Level 4.9 Invocations


You had 8 spell levels left.
You knew the following spells:

 Your Spells              Type           Power        Failure   Level  Hunger
a - Corona                Hex            ###....      1%          1    None
b - Ensorcelled Hibernat  Hex/Ice        ####..       3%          2    #......
c - Tukima's Dance        Hex            ###.....     4%          3    ###....
d - Confuse               Hex            ###.....     4%          3    ###....
e - Searing Ray           Conj           ###...       8%          2    #......


Dungeon Overview and Level Annotations

Branches:
Dungeon (10/15)            Temple (1/1) D:6            Lair (1/8) D:9
    Orc: D:9-12

Altars:
Ashenzari
Cheibriados
Dithmenos
Elyvilon
Fedhas
Kikubaaqudgha
Makhleb
Nemelex Xobeh
Qazlal
Ru
Sif Muna
Trog
Vehumet
Xom
Yredelemnul
Zin
The Shining One

Shops:
D:4 !   D:9 ?

Annotations:
D:8 Erolcha, Grum


Innate Abilities, Weirdness & Mutations

You can breathe waves of freezing cold.
You can buffet flying creatures when you breathe cold.
Your icy white scales are hard (AC +7).
Your body does not fit into most forms of armour.
Your flesh is cold resistant.
You are cold-blooded and may be slowed by cold attacks.


Message History

The yak is moderately wounded.
The yak completely misses you.
The searing ray hits the yak.
The yak is moderately wounded.
You block the phantom's attack. The yak gores you!
* * * LOW HITPOINT WARNING * * *
Without enough magic to sustain it, your searing ray dissipates.
The phantom hits you!
* * * LOW HITPOINT WARNING * * *
The yak gores you.
* * * LOW HITPOINT WARNING * * *
Read which item? (? for menu, Esc to quit)
As you read the scroll of teleportation, it crumbles to dust.
You feel strangely unstable.
The phantom blinks!
The yak gores you.
* * * LOW HITPOINT WARNING * * *
You block the yak's attack.
Your surroundings suddenly seem different.
The electric eel shoots out a bolt of lightning at you!
The bolt of electricity hits you!
You die...

#<# ##........ #h#
##≈≈≈≈≈..≈≈≈≈ ########.
...##≈≈≈≈≈≈..≈≈≈ ##
.Wh##≈≈≈≈≈≈≈..≈≈
....#≈≈≈≈≈≈≈≈..≈
#....#≈≈≈≈≈≈≈≈..
#....#≈≈≈≈≈≈≈..
#....'........# .......@#
≈≈≈≈≈≈≈....≈≈≈≈≈
≈≈≈≈≈≈≈≈..≈≈≈≈≈≈
≈≈≈≈≈≈≈≈..≈≈≈≈≈≈ ###
#≈≈≈≈≈≈≈..≈≈≈≈≈≈ #####..
###≈;≈≈≈≈..≈≈≈≈≈≈##....<#
#.##≈≈≈≈≈..≈≈≈≈≈##..#####
#..##≈Z≈≈..≈≈≈≈# ####
#...##≈≈≈..≈≈≈#


You could see an electric eel and a worker ant simulacrum.

Vanquished Creatures
  A centaur warrior (D:9)
  A komodo dragon (D:9)
  A two-headed ogre (D:4)
  A hungry ghost (D:8)
  Eustachio (D:4)
  A hippogriff (Lair:1)
  A yak (D:9)
  2 steam dragons (D:7)
  The ghost of Chiseanne the Magician, an average DsWn (D:4)
  A wyvern (D:6)
  A wolf (D:9)
  2 ice beasts (D:9)
  An orc warrior (D:4)
  A sky beast (D:6)
  A black bear (D:9)
  A phantom (D:4)
  3 ogres
  2 centaurs
  A crocodile (D:9)
  An elf zombie (D:7)
  2 giant frogs (D:9)
  2 big kobolds
  5 scorpions
  A troll zombie (D:7)
  A gnoll shaman (D:7)
  3 human zombies (D:7)
  3 orc priests
  A giant frog skeleton (D:4)
  5 hounds
  A centaur zombie (D:5)
  A crimson imp (D:5)
  6 orc wizards
  A wasp zombie (D:5)
  3 centaur skeletons
  Jessica (D:2)
  Natasha (thrice) (D:2)
  2 human skeletons (D:7)
  3 worker ants
  2 iguanas
  2 hound skeletons (D:4)
  3 mummies (D:7)
  7 adders
  16 gnolls
  4 shadow imps
  2 oozes
  3 adder skeletons
  2 adder zombies
  5 worms
  4 giant geckos
  29 orcs
  12 giant cockroaches
  7 goblins
  10 hobgoblins
  6 jackals
  12 kobolds
  3 ball pythons
  10 bats
  6 giant newts
  An orc skeleton (D:7)
  A quokka skeleton (D:8)
  9 rats
  7 fungi (D:7)
  A plant (D:9)
233 creatures vanquished.

Vanquished Creatures (collateral kills)
  Maurice (D:9)
  A wraith (D:7)
2 creatures vanquished.

Vanquished Creatures (others)
  4 fungi (D:7)
  2 plants (D:9)
6 creatures vanquished.

Grand Total: 241 creatures vanquished

Notes
Turn   | Place    | Note
--------------------------------------------------------------
     0 | D:1      | MikeDS the Draconian Enchanter began the quest for the Orb.
     0 | D:1      | Reached XP level 1. HP: 14/14 MP: 3/3
   317 | D:1      | Reached XP level 2. HP: 14/22 MP: 3/5
   427 | D:1      | Learned a level 2 spell: Ensorcelled Hibernation
   791 | D:1      | Reached skill level 3 in Stealth
  1277 | D:1      | Reached XP level 3. HP: 22/27 MP: 6/6
  1282 | D:1      | Learned a level 3 spell: Tukima's Dance
  1561 | D:2      | Found a basalt altar of Yredelemnul.
  1620 | D:2      | Reached skill level 1 in Fighting
  1639 | D:2      | Noticed Natasha
  1726 | D:2      | Noticed Jessica
  1770 | D:2      | Killed Jessica
  1770 | D:2      | Reached XP level 4. HP: 32/35 MP: 7/7
  1869 | D:2      | Killed Natasha
  1869 | D:2      | Reached skill level 1 in Axes
  1889 | D:2      | Found a stormy altar of Qazlal.
  1903 | D:2      | Became a worshipper of Qazlal Stormbringer
  1939 | D:2      | Noticed Natasha
  1954 | D:2      | Killed Natasha
  2076 | D:2      | Noticed Natasha
  2079 | D:2      | Killed Natasha
  2126 | D:2      | Found a glowing golden altar of the Shining One.
  2129 | D:2      | Found a blossoming altar of Fedhas.
  2135 | D:2      | Found a snail-covered altar of Cheibriados.
  2366 | D:3      | Reached XP level 5. HP: 39/41 MP: 6/8
  3475 | D:3      | Found a white marble altar of Elyvilon.
  3497 | D:3      | Acquired Qazlal's first power
  3850 | D:4      | Noticed Chiseanne's ghost (average DsWn)
  4069 | D:3      | Reached XP level 6. HP: 32/48 MP: 9/9
  4470 | D:4      | Noticed a phantom
  4505 | D:4      | Killed a phantom
  4505 | D:4      | Reached skill level 1 in Throwing
  4791 | D:4      | Noticed an ogre
  4805 | D:4      | Killed an ogre
  4805 | D:4      | Reached skill level 4 in Stealth
  4805 | D:4      | Your scales start taking on an icy white colour.
  4805 | D:4      | Gained mutation: Your flesh is cold resistant. [White Draconian growth]
  4805 | D:4      | Reached XP level 7. HP: 42/56 MP: 9/11
  4929 | D:4      | Reached skill level 1 in Ice Magic
  5009 | D:4      | Found Wucry's Distillery.
  5017 | D:4      | Bought a potion of heal wounds for 65 gold pieces
  5017 | D:4      | Bought a potion of curing for 39 gold pieces
  5017 | D:4      | Bought a potion of heal wounds for 65 gold pieces
  5206 | D:4      | Killed Chiseanne's ghost
  5386 | D:5      | Entered Level 5 of the Dungeon
  5417 | D:5      | Noticed a two-headed ogre
  5422 | D:5      | Noticed Eustachio
  5436 | D:4      | Killed a two-headed ogre
  5436 | D:4      | Reached skill level 1 in Invocations
  5655 | D:4      | Reached XP level 8. HP: 49/63 MP: 12/12
  5667 | D:4      | Killed Eustachio
  5667 | D:4      | Acquired Qazlal's second power
  6084 | D:5      | Learned a level 3 spell: Confuse
  6119 | D:5      | Reached skill level 1 in Long Blades
  6299 | D:5      | Learned a level 2 spell: Searing Ray
  6729 | D:6      | Found a staircase to the Ecumenical Temple.
  6765 | Temple   | Entered the Ecumenical Temple
  7093 | D:6      | Found a sacrificial altar of Ru.
  7194 | D:6      | Reached skill level 1 in Conjurations
  7256 | D:6      | Found a shimmering altar of Xom.
  7364 | D:6      | Reached skill level 5 in Stealth
  7618 | D:6      | Acquired Qazlal's third power
  8381 | D:7      | Reached XP level 9. HP: 68/71 MP: 13/15
  9070 | D:7      | Reached skill level 5 in Hexes
 10245 | D:7      | Found an ancient bone altar of Kikubaaqudgha.
 10310 | D:7      | Found a shattered altar of Ashenzari.
 10439 | D:7      | Reached skill level 5 in Fighting
 10763 | D:8      | Noticed Erolcha
 11014 | D:9      | Noticed Maurice
 11025 | D:9      | Acquired Qazlal's fourth power
 11048 | D:9      | Killed Maurice
 11048 | D:9      | Reached skill level 5 in Dodging
 11336 | D:9      | Found Gafogan's Magic Scroll Boutique.
 11362 | D:9      | Reached XP level 10. HP: 79/81 MP: 17/17
 11373 | D:9      | Bought a scroll of identify for 26 gold pieces
 11373 | D:9      | Bought a scroll of teleportation for 39 gold pieces
 11373 | D:9      | Bought a scroll of fear for 45 gold pieces
 11399 | D:9      | Noticed a komodo dragon
 11423 | D:9      | Killed a komodo dragon
 11429 | D:10     | Entered Level 10 of the Dungeon
 11455 | D:9      | Found a staircase to the Lair.
 11652 | Lair:1   | Entered Level 1 of the Lair of Beasts
 11842 | Lair:1   | HP: 4/81 [crocodile (4)]
 12123 | D:8      | Noticed Grum
 12290 | D:9      | Noticed a centaur warrior
 12300 | D:9      | Killed a centaur warrior
 12300 | D:9      | Reached skill level 6 in Stealth
 12316 | D:9      | Reached skill level 5 in Spellcasting
 12334 | D:9      | Killed from afar by an electric eel

Vault maps used:
D:1:      dpeg_arrival_arbitrary_c, serial_forest, infiniplex_forest_end_3,
          infiniplex_forest_lined_room_2, infiniplex_forest_clump_diagonal,
          infiniplex_forest_lined_room_3, infiniplex_forest_end_1,
          infiniplex_forest_straight_4, infiniplex_forest_lined_4_way,
          infiniplex_forest_straight_3, dk_noncrumbling_4
D:2:      overflow_temple_1_default, nicolae_qazlal_eye_of_the_storm,
          grunt_temple_overflow_diamond, minmay_liquid_box,
          kennysheep_another_room, grunt_ministairs_1, st_stairs_6,
          uniq_natasha, uniq_jessica
D:3:      overflow_temple_1_default, first_bread, hangedman_decor_push
D:4:      serial_shops, shop
D:5:      uniq_eustachio
D:6:      lemuel_crystal_altar, minmay_temple_entry_glass,
          hangedman_abyss_or_decor_stabs, nicolae_ru_sacrificial_ziggurat
D:7:      kennysheep_steamy, lemuel_mausoleum_altar_kikubaaqudgha,
          ashenzari_altar_1, grunt_ogre_cave
D:8:      nicolae_overflow_crystal_walls, lemuel_coloured_pillars_altar,
          uniq_erolcha, uniq_grum
D:9:      kennysheep_big_flooded_room, david_lair_shrubbed, serial_shops,
          shop_coins, uniq_pikel, uniq_maurice, uniq_erica
D:10:     lemuel_reptile_caves, minmay_protected_statue, uniq_sonja
Temple:   jpeg_temple_alley_garden_8
Lair:1:   erik_1, grunt_megastairs_3, lemuel_fruit_tree

Action                   |  1- 3 |  4- 6 |  7- 9 | 10-12 || total
-------------------------+-------+-------+-------+-------++-------
Melee: Dagger            |   127 |    69 |   107 |    93 ||   396
       War axe           |    15 |   112 |       |       ||   127
       Unarmed           |       |       |    10 |       ||    10
       Long sword        |       |       |   490 |       ||   490
 Fire: Blowgun           |       |     1 |     2 |       ||     3
Throw: Stone             |       |    16 |    15 |       ||    31
 Cast: Corona            |     5 |    17 |    25 |     2 ||    49
       Tukima's Dance    |     1 |     1 |       |     2 ||     4
       Ensorcelled Hiber |       |     1 |       |       ||     1
       Searing Ray       |       |       |     9 |     2 ||    11
       Confuse           |       |       |       |     1 ||     1
Invok: Elemental Force   |       |       |     2 |       ||     2
       Upheaval          |       |       |     1 |     1 ||     2
 Abil: Breathe Frost     |       |       |     4 |       ||     4
Evoke: Wand              |       |     2 |       |       ||     2
  Use: Scroll            |     2 |    13 |     9 |     4 ||    28
       Potion            |     1 |     1 |     4 |     1 ||     7
 Stab: Sleeping          |     3 |     3 |       |       ||     6
  Eat: Chunk             |     3 |     5 |    16 |     1 ||    25
       Meat ration       |       |     1 |     1 |       ||     2
       Beef jerky        |       |       |     2 |     1 ||     3
